 Dungeon Sprint DCSS version 0.30.1-4-g462c640d31 (webtiles) character file.

Game seed: 13263719058511422150

9692 Heoruswealwe the Imperceptible (level 11, -9/48 HPs)
             Began as a Spriggan Artificer on Aug 29, 2023.
             Was an Initiate of Gozag.
             Mangled by a demonic crawler (12 damage)
             ... in the Dungeon (Sprint I: "Red Sonja").
             The game lasted 00:13:19 (955 turns).

Heoruswealwe the Imperceptible (Spriggan Artificer)  Turns: 955, Time: 00:13:21

Health: -9/48      AC:  2    Str:  8    XL:     11   Next: 26%
Magic:  12/12      EV: 31    Int: 14    God:    Gozag
Gold:   1106       SH:  0    Dex: 19    Spells: 10/10 levels left

rFire   . . .        a - +7 short sword of the Lettuce {holy, rC+}
rCold   + . .        (no shield)
rNeg    . . .        c - +0 robe
rPois   .            (helmet restricted)
rElec   .            (no cloak)
rCorr   .            (gloves unavailable)
SInv    +            (boots unavailable)
Will    +....        (no amulet)
Stlth   +++++++++    (no ring)
HPRegen 0.28/turn    (no ring)
MPRegen 0.13/turn

%: no teleportation
@: gold aura, very quick
A: very small, no large weapons, unfitting armour, see invisible, speed 3
a: Renounce Religion, Potion Petition, Call Merchant, Bribe Branch


You were in the Dungeon.
You worshipped Gozag.
Gozag was most pleased with you.
You visited 1 branch You collected 2771 gold pieces.
You spent 1633 gold pieces at shops.
You donated 32 gold pieces to Zin.

Inventory:

Hand Weapons
 a - the +7 short sword of the Lettuce (weapon) {holy, rC+}
   (You found it in the Dungeon)

   rC:        It protects you from cold.
Armour
 c - a +0 robe (worn)
Wands
 b - a wand of flame (24) (quivered)
 d - a wand of charming (15)
 e - a wand of iceblast (2)
 n - a wand of paralysis (6)
 u - a wand of mindburst (6)
Scrolls
 k - a scroll of blinking
 q - a scroll of poison
 w - a scroll of fear
Potions
 f - 3 potions of curing
 g - a potion of heal wounds
 h - a potion of haste
 i - 3 potions of magic
 j - a potion of berserk rage
 m - 2 potions of lignification {unknown}
 r - a potion of resistance {unknown}
 t - 2 potions of might {unknown}
 v - a potion of invisibility {unknown}
Miscellaneous
 x - a phantom mirror (inert)


   Skills:
 - Level 0.7 Fighting
 + Level 16.5 Dodging
 * Level 25.8 Stealth
 * Level 22.5 Evocations


You had 10 spell levels left.
You didn't know any spells.
Your spell library was empty.

Dungeon Overview and Level Annotations

Branches:
Dungeon (1/1)

Altars:
Cheibriados
Dithmenos
Elyvilon
Fedhas
Gozag
Hepliaklqana
Kikubaaqudgha
Makhleb
Nemelex Xobeh
Okawaru
Qazlal
Ru
Sif Muna
Trog
Uskayaw
Vehumet
Wu Jian
Xom
Yredelemnul
Zin
The Shining One
Jiyva
Lugonu

Shops:
D ?!![=*[*=?*[:[[*:*[[[


Innate Abilities, Weirdness & Mutations

You are very small and have problems with some larger weapons.
You are too small for most types of armour.
You have supernaturally acute eyesight. (SInv)
You cover ground extremely quickly. (Speed+++)


Message History

The helpless kobold demonologist fails to defend itself.
You skewer the kobold demonologist like a kebab!!!!
You kill the kobold demonologist!
You now have 1007 gold pieces (gained 36).
Things that are here:
a +0 dagger; a +0 robe You now have 1061 gold pieces (gained 54).
You now have 1106 gold pieces (gained 45).
Things that are here:
a +0 dagger; a +0 robe
Things that are here:
a +0 dagger; a +0 robe You open the door. 4 demonic crawlers come into view.
There is an open door here.
The helpless demonic crawler fails to defend itself.
You stick the demonic crawler like a pincushion!!!!
You kill the demonic crawler!
The helpless demonic crawler fails to defend itself.
You skewer the demonic crawler like a kebab!!!!
You kill the demonic crawler!
The demonic crawler gives a hideous shriek! x2
The demonic crawler completely misses you.
The demonic crawler hits you!
The demonic crawler completely misses you.
You see here 135 gold pieces.
There is an open door here.
Aiming: Phantom Mirror
Press: ? - help, Dir - move target, f - demonic crawler
Aim: a demonic crawler You reflect the demonic crawler with the mirror!
The mirror clouds!
Your demonic crawler hits the demonic crawler but does no damage.
Your demonic crawler hits the demonic crawler. x2
The demonic crawler hits you! x2
* * * LOW HITPOINT WARNING * * *
The demonic crawler completely misses you. x2
The demonic crawler hits you!
You die...
Your body crumbles into a pile of gold.

#################****************
#.)'..#__#..'..)#,,*,$$,+,,,,,,+,
'..#..'..'..#...##+#$****,,,,,**$
#####'#__####)..@s.#$*,***,,,****
#...#)####.§#####ss+$*+*$***+*,,,
#..##[#~§§.§#..##+##**,,$*,*,**$$
##'#_.+~~§§.+..#,,,,,*,,$***,,***
.'..._#~~§§)#..#,,,,,+,,$$$**,*,*
##_.#'##+#####'###,,,*,,,,,*,,***
###)#.#(..|###.+.#,,,***++**,**,,
###.####'###)###.#,,***,,***,,*+*
.'...'.....'.∩##.#,,****$$***,,,*


You could see 2 demonic crawlers and a friendly demonic crawler (summoned,
drained).

Vanquished Creatures
  2 centaur warriors (D)
  Sonja (D)
  A deep troll (D)
  8 shining eyes (D)
  An oklob plant (D)
  2 demonic crawlers (D)
  2 unseen horrors (D)
  2 kobold demonologists (D)
  A hornet (D)
  A slime creature (D)
  A yak (D)
  Sigmund (D)
  2 redbacks (D)
  6 floating eyes (D)
  An ogre (D)
  7 necrophages (D)
  8 jellies (D)
  Ijyb (D)
  A ballistomycete spore (D)
49 creatures vanquished.

Vanquished Creatures (others)
  A ballistomycete spore (D)
1 creature vanquished.

Grand Total: 50 creatures vanquished

Notes
Turn   | Place    | Note
-------+----------+-------------------------------------------
     0 | D        | Heoruswealwe the Spriggan Artificer began the quest for the
                  | Orb.
     0 | D        | Reached XP level 1. HP: 9/9 MP: 2/2
     1 | D        | Noticed Ijyb
     3 | D        | Killed Ijyb
     4 | D        | Reached skill level 5 in Stealth
     4 | D        | Reached XP level 2. HP: 14/14 MP: 3/3
    11 | D        | Noticed an ogre
    18 | D        | Killed an ogre
    19 | D        | Reached skill level 9 in Stealth
    19 | D        | Reached XP level 3. HP: 17/17 MP: 4/4
    19 | D        | Reached XP level 4. HP: 21/21 MP: 5/5
    31 | D        | Noticed Sigmund
    34 | D        | Killed Sigmund
    35 | D        | Reached skill level 12 in Stealth
    35 | D        | Reached skill level 10 in Evocations
    35 | D        | Reached XP level 5. HP: 25/25 MP: 6/6
    46 | D        | Found an ornate altar of the Wu Jian Council.
    46 | D        | Found a shimmering blue altar of Sif Muna.
    48 | D        | Found a radiant altar of Vehumet.
    53 | D        | Reached XP level 6. HP: 14/29 MP: 7/7
   123 | D        | Found Etwy's Antique Armour Emporium.
   123 | D        | Found an ancient bone altar of Kikubaaqudgha.
   123 | D        | Found a hazy altar of Hepliaklqana.
   123 | D        | Found a stormy altar of Qazlal.
   123 | D        | Found a hide-covered altar of Uskayaw.
   123 | D        | Found a blossoming altar of Fedhas.
   123 | D        | Found a bloodstained altar of Trog.
   123 | D        | Found an iron altar of Okawaru.
   123 | D        | Found a basalt altar of Yredelemnul.
   123 | D        | Found a glowing golden altar of the Shining One.
   123 | D        | Found a snail-covered altar of Cheibriados.
   123 | D        | Found a sacrificial altar of Ru.
   123 | D        | Found a glowing silver altar of Zin.
   123 | D        | Found a shadowy altar of Dithmenos.
   123 | D        | Found a white marble altar of Elyvilon.
   123 | D        | Noticed a yak
   124 | D        | Found an opulent altar of Gozag.
   125 | D        | Killed a yak
   126 | D        | Reached skill level 14 in Stealth
   126 | D        | Found a sparkling altar of Nemelex Xobeh.
   131 | D        | Became a worshipper of Zin the Law-Giver
   131 | D        | Reached * piety under Zin
   131 | D        | Reached ** piety under Zin
   131 | D        | Reached *** piety under Zin
   131 | D        | Reached **** piety under Zin
   131 | D        | Reached ***** piety under Zin
   131 | D        | Reached ****** piety under Zin
   139 | D        | Noticed Sonja
   147 | D        | Killed Sonja
   148 | D        | Reached skill level 10 in Dodging
   148 | D        | Reached skill level 16 in Stealth
   148 | D        | Reached XP level 7. HP: 25/32 MP: 8/8
   165 | D        | Found Jofoaci's Magic Scroll Boutique.
   181 | D        | Noticed a shining eye
   181 | D        | Noticed a shining eye
   181 | D        | Noticed a shining eye
   181 | D        | Noticed a shining eye
   181 | D        | Noticed a shining eye
   181 | D        | Noticed a shining eye
   184 | D        | Reached XP level 8. HP: 37/37 MP: 9/9
   184 | D        | Paralysed by a floating eye for 2 turns
   187 | D        | Paralysed by a floating eye for 4 turns
   194 | D        | Paralysed by a floating eye for 2 turns
   197 | D        | Reached skill level 17 in Stealth
   197 | D        | Reached skill level 15 in Evocations
   235 | D        | Killed a shining eye
   236 | D        | Reached skill level 18 in Stealth
   258 | D        | Killed a shining eye
   259 | D        | Reached skill level 19 in Stealth
   259 | D        | Reached XP level 9. HP: 40/40 MP: 10/10
   281 | D        | Killed a shining eye
   282 | D        | Reached skill level 20 in Stealth
   303 | D        | Killed a shining eye
   327 | D        | Killed a shining eye
   328 | D        | Reached skill level 21 in Stealth
   359 | D        | Killed a shining eye
   360 | D        | Noticed a shining eye
   360 | D        | Noticed a shining eye
   391 | D        | Killed a shining eye
   392 | D        | Reached skill level 22 in Stealth
   392 | D        | Reached XP level 10. HP: 44/44 MP: 11/11
   397 | D        | Killed a shining eye
   399 | D        | Found Waurafan's Distillery.
   399 | D        | Found Wiudel's General Store.
   399 | D        | Found Urpheimi's Distillery.
   400 | D        | Found Zock's Jewellery Shop.
   414 | D        | Bought a scroll of identify for 22 gold pieces
   414 | D        | Bought a scroll of identify for 22 gold pieces
   414 | D        | Bought a scroll of identify for 22 gold pieces
   441 | D        | Fell from the grace of Zin
   441 | D        | Became a worshipper of Gozag Ym Sagoz the Greedy
   518 | D        | Noticed a deep troll
   523 | D        | Killed a deep troll
   534 | D        | Found Savalew's Armour Emporium.
   538 | D        | Identified the +7 short sword of the Lettuce {holy, rC+}
   559 | D        | Noticed a centaur warrior
   560 | D        | Noticed a centaur warrior
   564 | D        | Killed a centaur warrior
   565 | D        | Reached skill level 23 in Stealth
   566 | D        | Killed a centaur warrior
   567 | D        | Reached skill level 15 in Dodging
   604 | D        | Noticed an oklob plant
   608 | D        | Killed an oklob plant
   609 | D        | Reached skill level 24 in Stealth
   731 | D        | Reached XP level 11. HP: 48/48 MP: 12/12
   754 | D        | Reached skill level 25 in Stealth
   814 | D        | Identified the +6 shortbow of the Burning Blowfly {flame,
                  | rC+ Int+5 SInv}
   817 | D        | Found Qoihyci's Assorted Antiques.
   817 | D        | Found Baomyfua's Antique Armour Shop.
   817 | D        | Found Gitoak's Jewellery Boutique.
   823 | D        | Found Xabb's Assorted Antiques.
   823 | D        | Found Foprilod's Antique Armour Emporium.
   823 | D        | Found Poerum's Antique Armour Emporium.
   825 | D        | Found Sobaf's Book Boutique.
   825 | D        | Found Izxeaza's General Store.
   825 | D        | Found Mosityo's Antique Armour Shop.
   825 | D        | Found Qoumm's Antique Armour Emporium.
   825 | D        | Found Lunaun's Book Boutique.
   825 | D        | Found Tanoxin's Antique Armour Shoppe.
   825 | D        | Found Usua's Assorted Antiques.
   828 | D        | Bought a fuming silvery potion for 22 gold pieces
   828 | D        | Bought a scroll labelled ZAV LITUYFADD for 25 gold pieces
   828 | D        | Bought a puce potion for 22 gold pieces
   829 | D        | Found Som Tiaq's Magic Scroll Emporium.
   831 | D        | Bought a wand of mindburst (6) for 109 gold pieces
   836 | D        | Bought a puce potion for 26 gold pieces
   836 | D        | Bought a viscous pink potion for 26 gold pieces
   836 | D        | Bought a wand of paralysis (3) for 208 gold pieces
   837 | D        | Bought a scroll of identify for 22 gold pieces
   839 | D        | Bought a scroll labelled IPNONNY CYUCOY for 27 gold pieces
   839 | D        | Bought a phantom mirror for 1080 gold pieces
   915 | D        | Found a burning altar of Makhleb.
   915 | D        | Found a viscous altar of Jiyva.
   915 | D        | Found a shimmering altar of Xom.
   915 | D        | Found a corrupted altar of Lugonu.
   955 | D        | Mangled by a demonic crawler

Illustrated notes

Levels and vault maps discovered:
D:        dungeon_sprint_1 [red_sonja_temple_1, red_sonja_temple_small_1]

Skill      XL: |  1  2  3  4  5  6  7  8  9 10 11 |
---------------+----------------------------------+-----
Dodging        | 4 6 7 8 10 12 14 15 16 | 16.5
Stealth        | 5 9 12 16 19 22 24 25 | 25.8
Evocations     | 6 8 10 11 14 16 19 21 22 | 22.5
Fighting       | |  0.7

Action                     |  1- 3 |  4- 6 |  7- 9 | 10-12 || total
---------------------------+-------+-------+-------+-------++-------
  Melee: Dagger            |     1 |     2 |   190 |     3 ||   196
         Punch             |       |       |     6 |     1 ||     7
         Short sword       |       |       |       |    34 ||    34
  Evoke: Wand              |     3 |     4 |       |    12 ||    19
         Phantom mirror    |       |       |       |     1 ||     1
    Use: Scroll            |       |       |       |     6 ||     6
   Stab: Sleeping          |     1 |     2 |     2 |    20 ||    25
         Paralysed         |       |       |       |     4 ||     4
  Dodge: Dodged            |     2 |     2 |       |    31 ||    35
